Map: Ascension to Aiur LE

Players

Zest - Winner!

  • Race: Protoss Protoss
  • League: Master
  • Spawn Location: 5:00

Solar

  • Race: Zerg Zerg
  • Spawn Location: 11:00

Event: HomeStory Cup XVI

VOD

Have the link to the VOD?

Description

Time

  • Played on: Nov. 12, 2017, 3:45 p.m.
  • Length: 5:45

All games in this series

Show
View Real Time Build Order
Export as new Build Order

Zest Protoss - Winner!

Build Orders: 1 Gate Expand, Zealot Archon, Archon Drop, Dark Templar Rush 

Get SALT Encoding   

  12  0:02  Probe (Chrono Boost)  
  14  0:14  Probe (Chrono Boost)  
  14  0:17  Pylon  
  14  0:25  Probe (Chrono Boost)  
  15  0:31  Probe (Chrono Boost)  
  15  0:39  Gateway  
  15  0:40  Probe (Chrono Boost)  
  17  0:47  Assimilator  
  17  0:52  Probe (Chrono Boost)  
  19  1:05  Probe (Chrono Boost)  
  19  1:17  Probe (Chrono Boost)  
  20  1:23  Nexus  
  20  1:32  Cybernetics Core  
  20  1:37  Probe (Chrono Boost)  
  21  1:42  Assimilator  
  21  1:49  Probe (Chrono Boost)  
  21  1:51  Pylon  
  22  1:55  Stalker  
  23  2:01  Probe (Chrono Boost)  
  23  2:09  Warp Gate  
  23  2:13  Probe (Chrono Boost)  
  26  2:19  Adept, Twilight Council  
  29  2:30  Probe (Chrono Boost)  
  30  2:38  Probe (Chrono Boost)  
  30  2:42  Probe (Chrono Boost)  
  31  2:50  Probe (Chrono Boost)  
  32  2:55  Probe (Chrono Boost), Robotics Facility  
  33  3:02  Probe (Chrono Boost)  
  35  3:07  Probe (Chrono Boost)  
  35  3:10  Dark Shrine  
  36  3:14  Probe (Chrono Boost)  
  36  3:19  Probe (Chrono Boost)  
  37  3:24  Warp Prism, Gateway  
  37  3:26  Probe (Chrono Boost)  
  38  3:30  Gateway  
  38  3:32  Gateway  
  38  3:41  Probe (Chrono Boost)  
  38  3:45  Probe (Chrono Boost)  
  42  3:49  Probe (Chrono Boost), Pylon  
  44  3:57  Probe (Chrono Boost)  
  44  3:58  Assimilator  
  44  4:00  Assimilator  
  44  4:06  Probe (Chrono Boost), Pylon  
  44  4:09  Probe (Chrono Boost)  
  46  4:22  Probe (Chrono Boost)  
  48  4:29  Dark Templar x3, Pylon  
  53  4:34  Shield Battery  
  53  4:35  Dark Templar  
  56  4:39  Probe (Chrono Boost)  
  57  4:47  Probe (Chrono Boost)  
  57  4:51  Probe (Chrono Boost)  
  52  4:59  Probe (Chrono Boost)  
  52  5:03  Probe (Chrono Boost)  
  52  5:04  Archon  
  52  5:05  Dark Templar  
  52  5:06  Dark Templar x2  
  59  5:08  Zealot, Archon  
  59  5:11  Probe (Chrono Boost)  
  63  5:15  Probe (Chrono Boost)  
  63  5:18  Pylon  
  63  5:23  Probe (Chrono Boost)  
  63  5:27  Probe (Chrono Boost)  
  61  5:43  Zealot, Dark Templar x3  
Show
View Real Time Build Order
Export as new Build Order

Solar Zerg 

Build Orders: Hatch First 

Get SALT Encoding   

  12  0:00  Drone  
  13  0:12  Overlord  
  13  0:17  Drone  
  14  0:30  Drone x2  
  14  0:35  Drone  
  17  0:51  Hatchery  
  17  0:55  Drone  
  17  0:58  Drone  
  17  1:04  Extractor  
  17  1:15  Spawning Pool  
  17  1:16  Drone  
  17  1:20  Drone  
  18  1:28  Drone  
  19  1:38  Drone  
  20  1:49  Overlord  
  20  2:01  Queen  
  20  2:02  Queen  
  20  2:03  Zergling x2  
  20  2:04  Drone  
  20  2:07  Metabolic Boost  
  26  2:12  Drone  
  26  2:15  Drone  
  28  2:32  Hatchery  
  28  2:35  Drone  
  28  2:39  Drone  
  28  2:43  Pneumatized Carapace  
  29  2:45  Drone  
  30  2:53  Drone x2  
  30  2:55  Overlord  
  32  2:58  Drone  
  32  3:02  Drone  
  34  3:06  Drone  
  35  3:13  Queen, Drone  
  35  3:15  Zergling x4  
  40  3:20  Drone  
  40  3:22  Spore Crawler  
  40  3:25  Overlord  
  40  3:27  Drone  
  40  3:28  Drone  
  40  3:32  Spore Crawler  
  42  3:34  Drone x2  
  42  3:39  Evolution Chamber  
  43  3:43  Drone x2  
  43  3:44  Zergling x4  
  43  3:46  Drone  
  48  3:50  Queen  
  48  3:52  Drone  
  48  3:53  Drone  
  52  3:57  Overlord  
  52  3:59  Drone  
  52  4:01  Drone  
  54  4:03  Drone  
  54  4:07  Drone  
  54  4:09  Queen  
  58  4:12  Spore Crawler  
  58  4:13  Drone  
  58  4:15  Drone  
  59  4:20  Zergling x2  
  59  4:21  Zergling x2  
  59  4:22  Zergling x2  
  59  4:23  Zergling x2  
  63  4:25  Zergling x2  
  63  4:26  Zergling x2  
  63  4:29  Spore Crawler  
  63  4:31  Zergling x4  
  65  4:35  Overlord  
  65  4:37  Overlord  
  66  4:42  Queen  
  63  4:49  Drone  
  63  4:50  Drone  
  63  4:51  Drone  
  63  4:52  Drone  
  61  4:53  Drone  
  61  4:54  Baneling Nest  
  61  4:56  Queen  
  61  4:58  Drone  
  62  5:00  Zergling x4  
  62  5:03  Drone  
  62  5:04  Zergling x2  
  62  5:06  Zergling x2  
  68  5:07  Zergling x2  
  68  5:08  Zergling x2  
  68  5:10  Zergling x2  
  68  5:14  Overlord  
  70  5:15  Zergling x2  
  70  5:16  Zergling x2  
  70  5:18  Overlord  
  72  5:28  Zergling x8  
Tags
 
Add a new tag
Caveats
  • Supply blocks, unpowered buildings, or Contaminate may cause inaccurate times.
  • Supply counts are checked every 10 seconds.